 Dungeon Crawl Stone Soup version 0.18-a0-1804-g0930707 (webtiles) character file.

111 Kenran the Slasher (level 4, -1/31 HPs)
             Began as a High Elf Fighter on Apr 25, 2016.
             Slain by a gnoll
             ... wielding a cursed +0 whip
              (2 damage)
             ... on level 3 of the Dungeon.
             The game lasted 00:03:57 (2384 turns).

Kenran the Slasher (High Elf Fighter)               Turns: 2384, Time: 00:03:58

Health: -1/31      AC:  8    Str: 15    XL:     4   Next: 62%
Magic:  5/5        EV:  6    Int: 11    God:
Gold:   111        SH:  9    Dex: 16    Spells: 0 memorised, 3 levels left

rFire  . . .     SeeInvis .     a - +0 long sword
rCold  . . .     Gourm    .     b - +0 scale mail
rNeg   . . .     Faith    .     c - +0 shield
rPois  .         Spirit   .     (no helmet)
rElec  .         Dismiss  .     v - +0 cloak
rCorr  .         Reflect  .     (no gloves)
SustAt .         Harm     .     l - +0 pair of boots
MR     .....                    (no amulet)
Stlth  ..........               (no ring)
                                (no ring)

@: not resistant to hostile enchantments, extremely unstealthy
A: no striking features
a: no special abilities


You were on level 3 of the Dungeon.
You were not hungry.

You visited 1 branch of the dungeon, and saw 3 of its levels.

You collected 111 gold pieces.

Inventory:

Hand Weapons
 a - a +0 long sword (weapon)
Armour
 b - a +0 scale mail (worn)
 c - a +0 shield (worn)
 l - a +0 pair of boots (worn)
 v - a +0 cloak (worn)
Wands
 x - a wand of flame (33/48)
Scrolls
 i - a scroll of remove curse {unknown}
 j - a scroll of teleportation {unknown}
 k - 4 scrolls of identify {unknown}
 m - a scroll of fog {unknown}
 o - a scroll of noise {unknown}
 p - a scroll of amnesia {unknown}
 r - a scroll of magic mapping {unknown}
 t - a scroll of enchant armour {unknown}
 w - a scroll of fear {unknown}
Potions
 d - 2 potions of might
 e - a potion of ambrosia {unknown}
 n - a potion of heal wounds {unknown}
 q - a potion of curing {unknown}
 u - a potion of brilliance {unknown}
 z - a potion of degeneration {unknown}
Comestibles
 f - 5 bread rations
 g - a royal jelly
 h - 3 meat rations
 s - 5 fruits
 A - a chunk of flesh


   Skills:
 - Level 3.0 Fighting
 + Level 5.9 Long Blades
 - Level 2.6 Armour
 - Level 2.6 Shields


You had 3 spell levels left.
You didn't know any spells.

Dungeon Overview and Level Annotations

Branches:
Dungeon (3/15)

Altars:
Dithmenos
Kikubaaqudgha


Message History

The gnoll is heavily wounded.
The gnoll hits you with a whip.
* * * LOW HITPOINT WARNING * * *
You barely miss the gnoll.
The gnoll is heavily wounded.
The gnoll hits you but does no damage.
You barely miss the gnoll.
The gnoll is heavily wounded.
The gnoll hits you but does no damage. x2
You hit the gnoll.
The gnoll is severely wounded.
You block the gnoll's attack.
Your scale mail prevents you from hitting the gnoll.
The gnoll is severely wounded.
The gnoll hits you with a whip.
* * * LOW HITPOINT WARNING * * *
You barely miss the gnoll.
The gnoll is severely wounded.
The gnoll hits you with a whip.
You die...

# #..# ##......#####.......#.#
## ##.####......######...<......
.###..###...##.#..............##
......#.....##.#.#####.........#
.###....#..g.g...# #.#........
###..........g##########.#######
#.#..#....#.#### ##.#..#.#..#
.....#...g.....###..#...#...#
...#.#.....###gg@...####.####
..#.....#.## ####...# #.#.#
#.#.##..#.# ##..####†####
....##..#.#########.#.#.).#.#
..#.#.....##........#.......#
........).##........#.......#
...#..#............##..÷....#
..(.................#.......#
....#....###.......##.......#


You could see 2 gnolls and a hobgoblin (wandering).

Vanquished Creatures
  2 gnolls (D:3)
  2 adders (D:3)
  A worm (D:3)
  A dart slug (D:2)
  2 giant geckos (D:2)
  5 orcs (D:3)
  A ball python (D:2)
  8 giant cockroaches
  3 goblins
  5 hobgoblins
  6 jackals
  2 quokkas
  10 bats
  A giant newt (D:1)
  5 kobolds
  4 rats
58 creatures vanquished.

Notes
Turn   | Place    | Note
--------------------------------------------------------------
     0 | D:1      | Kenran the High Elf Fighter began the quest for the Orb.
     0 | D:1      | Reached XP level 1. HP: 16/16 MP: 2/2
   229 | D:1      | Reached skill level 3 in Long Blades
   591 | D:2      | Reached XP level 2. HP: 21/21 MP: 3/3
   776 | D:2      | Found a shadowy altar of Dithmenos.
   779 | D:2      | Reached skill level 4 in Long Blades
   923 | D:2      | Reached XP level 3. HP: 25/26 MP: 4/4
  1430 | D:3      | Reached skill level 5 in Long Blades
  1568 | D:3      | Reached XP level 4. HP: 25/31 MP: 5/5
  2249 | D:3      | Found an ancient bone altar of Kikubaaqudgha.
  2383 | D:3      | HP: 1/31 [gnoll/whip (5)]
  2384 | D:3      | Slain by a gnoll

Vault maps used:
D:1:      minmay_arrival_radiant_lines
D:2:      old_standard_altar
D:3:      lemuel_round_altar, grunt_temple_overflow_order_and_chaos_2,
          wad_rectangle_vault

Skill      XL: |  1  2  3 |
---------------+----------+-----
Long Blades    | 3 4 5 |  5.9
Fighting       | |  3.0
Armour         | |  2.6
Shields        | |  2.6

Action                   |  1- 3 |  4- 6 || total
-------------------------+-------+-------++-------
Melee: Long sword        |   151 |    86 ||   237
  Eat: Chunk             |     2 |     3 ||     5
Armor: Scale mail        |    86 |    39 ||   125
Dodge: Dodged            |    46 |    28 ||    74
Block: Shield            |    82 |    36 ||   118
